 Dungeon Crawl Stone Soup version 0.28.0-45-g0d030f2227 (webtiles) character file.

Game seed: 17870025640066901990

499 Faeu the Covered (level 6, 0/57 HPs)
             Began as a Minotaur Fighter on Apr 20, 2022.
             Slain by an orc wizard
             ... wielding a +0 dagger
              (2 damage)
             ... on level 5 of the Dungeon.
             The game lasted 00:11:18 (3875 turns).

Faeu the Covered (Minotaur Fighter)                 Turns: 3875, Time: 00:11:19

Health: 0/57       AC: 11    Str: 21 (23) XL:     6   Next: 94%
Magic:  5/5        EV:  7    Int:  3      God:
Gold:   185        SH:  4    Dex:  8 (9)  Spells: 5/5 levels left

rFire   . . .      SeeInvis .   a - +0 long sword {long}
rCold   . . .      Faith    .   c - +0 buckler
rNeg    . . .      Spirit   .   s - +0 chain mail
rPois   .          Reflect  .   h - +1 hat
rElec   .          Harm     .   (no cloak)
rCorr   .          Rampage  .   (no gloves)
Will    .....      Rage     1%  (no boots)
Stlth   ..........              (no amulet)
HPRegen 0.19/turn               (no ring)
MPRegen 0.09/turn               (no ring)

@: attractive, hasted, very quick
A: horns 2, retaliatory headbutt, berserk 1, dopey 1
a: no special abilities


You were on level 5 of the Dungeon.
You visited 1 branch of the dungeon, and saw 5 of its levels.

You collected 185 gold pieces.


Innate Abilities, Weirdness & Mutations

You have a pair of horns on your head.
You reflexively headbutt those who attack you in melee.
You tend to lose your temper in combat.
You are dopey. (Int -2)


   Skills:
 + Level 5.6 Fighting
 + Level 4.9 Long Blades
 + Level 5.7 Armour
 + Level 5.6 Shields


You had 5 spell levels left.
You didn't know any spells.
Your spell library was empty.

Inventory:

Hand Weapons
 a - a +0 long sword (weapon) {long}
Missiles
 l - 6 boomerangs (quivered) {throwing}
 t - 6 javelins {throwing}
Armour
 c - a +0 buckler (worn)
 h - a +1 hat (worn)
   (You found it on level 1 of the Dungeon)
 s - a +0 chain mail (worn)
   (You found it on level 3 of the Dungeon)
Wands
 o - a wand of iceblast (11)
   (You found it on level 3 of the Dungeon)
Scrolls
 e - 3 scrolls of teleportation {unknown}
 g - a scroll of magic mapping {unknown}
 i - a scroll of vulnerability {unknown}
 j - 3 scrolls of identify {unknown}
 k - 2 scrolls of enchant weapon {unknown}
 q - a scroll of immolation {unknown}
 u - a scroll of enchant armour {unknown}
Potions
 d - a potion of might
 m - a potion of lignification {!q}
 n - a potion of attraction {!q}
 r - a potion of berserk rage {unknown}

Dungeon Overview and Level Annotations

Branches:
Dungeon (5/15)
 Temple: D:4-7

Altars:
Cheibriados
Elyvilon

Shops:
D:1 !   D:4 **

Annotations:
D:5 Edmund

... #.......## .#.
#....$... .. #.......#
####.# #.......# .....#
.......# #...# #.....#
#.<.# ########.#.#.####
#...# #.....{))........
#...######.####@#.#.#.####
#..........# #.#.....#
##...######.# #.###.###
.....# #.# #.# #.# ##..##
#.# #.# #.# ....# #.# #.#
#.# ##.########.# #.###.#
#..........# #.....#
############ #######


There were no monsters in sight!


Message History

There was something very wrong with that liquid.
You feel weakened.
You feel dopey.
You feel clumsy. The orc hits you but does no damage.
Something hits you but does no damage.
You cannot move.
You cannot move.
You cannot move.
You cannot move.
You cannot move.
You cannot move.
You cannot move.
You cannot move.
You cannot move.
You cannot move.
You cannot move.
You swing at nothing.
The orc hits you but does no damage.
You barely miss the orc. Something hits you but does no damage.
The orc hits you but does no damage. 😱 HP[+1]
You slash the orc!
You kill the orc!
Something hits you but does no damage. The orc priest is attracted toward you.
You hit the orc priest.
The orc priest looks encouraged for a moment.
Something hits you but does no damage.
You hit the orc priest but do no damage.
The orc priest hits you but does no damage.
Something hits you but does no damage.
You hit the orc priest.
The orc priest hits you but does no damage.
You hit the orc priest but do no damage.
Something hits you but does no damage.
The orc priest hits you but does no damage. 😱 HP[+1]
You slash the orc priest! Something hits you but does no damage.
You closely miss the orc priest.
An orc wizard appears from thin air!
Reactivating autopickup.
The orc priest hits you but does no damage.
The orc wizard points at you and mumbles some strange words.
The magic dart hits you but does no damage.
The centaur is attracted toward you.
You hit the orc priest but do no damage.
The orc priest hits you but does no damage.
The orc wizard gestures wildly while chanting.
The orc wizard flickers and vanishes!
Deactivating autopickup; reactivate with Ctrl-A.
You hit the orc priest but do no damage.
The orc priest hits you but does no damage.
You hear some strange, mumbled words.
Something tries to affect you, but you resist.
The centaur is attracted toward you.
You hit the orc priest but do no damage.
Your transformation is almost over.
The orc priest hits you but does no damage. 😱 HP[+1]
You hit the orc priest but do no damage.
Something hits you but does no damage.
You hit the orc priest but do no damage.
You block the orc priest's attack. Something hits you but does no damage.
The centaur is attracted toward you.
You barely miss the orc priest.
The orc priest hits you but does no damage.
Something hits you but does no damage.
You barely miss the orc priest.
The orc priest looks satisfied for a moment.
Something hits you but does no damage.
You hit the orc priest.
You kill the orc priest!
Something hits you but does no damage.
The centaur is attracted toward you. 😱 HP[+1]
You hit the centaur but do no damage.
The centaur unwields a +0 shortbow.
The centaur hits you but does no damage.
The centaur kicks you but does no damage.
Something hits you but does no damage.
You hit the centaur.
The centaur hits you but does no damage.
The centaur kicks you but does no damage.
The centaur hits you but does no damage.
The centaur kicks you but does no damage.
You barely miss the centaur.
You hear some strange, mumbled words.
A puff of flame appears from out of thin air!
The puff of flame hits you but does no damage.
The centaur hits you.
* * * LOW HITPOINT WARNING * * *
The centaur kicks you but does no damage. 😱 HP[-3]
You take 3 damage, and now have 3/84 hp.
You slash the centaur!
You kill the centaur!
Something hits you but does no damage.
You feel your intelligence returning.
You now have 85 max hp (+1).
You closely miss something.
Something hits you but does no damage. 😱 HP[+1]
You barely miss something.
You feel less wooden.
Your +1 hat unmelds from your body.
Your +0 chain mail unmelds from your body.
Something hits you.
You die...

Skill      XL: |  1  2  3  4  5 |
---------------+----------------+-----
Armour         | 4 5 |  5.7
Fighting       | 4 5 |  5.6
Shields        | 4 5 |  5.6
Long Blades    | 3 4 |  4.9

Action                   |  1- 3 |  4- 6 || total
-------------------------+-------+-------++-------
Melee: Long sword        |    87 |   113 ||   200
       Headbutt          |     5 |     9 ||    14
  Use: Potion            |       |     5 ||     5
Armor: Scale mail        |    46 |       ||    46
       Chain mail        |     1 |    57 ||    58
       Skin              |       |    59 ||    59
Dodge: Dodged            |    50 |    32 ||    82
Block: Buckler           |    25 |    19 ||    44

Levels and vault maps discovered:
D:1:      lightli_arrival_farm, layout_rooms, serial_shops, shop,
          minmay_misc_feat_five
D:2:      layout_basic, hellmonk_ecumenical_altar_prayer_group
D:3:      layout_rooms, old_standard_altar, kennysheep_generic_room_2
D:4:      layout_basic, slow_altar_1, serial_shops, shop, guppyfry_shop_venom
D:5:      layout_loops_ring, mainiacjoe_overflow_tiny_flanked, uniq_grinder,
          uniq_edmund, uniq_crazy_yiuf_cottage

Notes
Turn   | Place    | Note
-------+----------+-------------------------------------------
     0 | D:1      | Faeu the Minotaur Fighter began the quest for the Orb.
     0 | D:1      | Reached XP level 1. HP: 19/19 MP: 0/0
     0 | D:1      | magus.rc [v1.9.6]
   135 | D:1      | magus.rc [v1.9.6]
   197 | D:1      | Reached XP level 2. HP: 27/27 MP: 1/1
   423 | D:1      | Found Kulenuerph's Distillery.
   921 | D:2      | Reached skill level 4 in Armour
  1141 | D:2      | Found a faded altar of an unknown god.
  1145 | D:2      | Reached skill level 4 in Fighting
  1263 | D:2      | Reached skill level 4 in Shields
  1324 | D:2      | Reached skill level 3 in Long Blades
  1547 | D:3      | Reached XP level 3. HP: 30/33 MP: 2/2
  1665 | D:3      | Found a white marble altar of Elyvilon.
  2135 | D:4      | Reached XP level 4. HP: 35/41 MP: 3/3
  2192 | D:4      | Noticed a black bear
  2197 | D:4      | Killed a black bear
  2198 | D:4      | Reached XP level 5. HP: 46/47 MP: 4/4
  2310 | D:4      | Found a snail-covered altar of Cheibriados.
  2420 | D:4      | Reached skill level 5 in Fighting
  2420 | D:4      | Reached skill level 4 in Long Blades
  2420 | D:4      | Reached skill level 5 in Armour
  2585 | D:4      | Found Lerhev's Serpentskin Sales.
  2589 | D:4      | Reached skill level 5 in Shields
  2767 | D:4      | Found Nouquzemm's General Store.
  2816 | D:4      | Noticed a sky beast
  2834 | D:4      | HP: 11/48 [something (5)]
  2836 | D:4      | HP: 4/48 [sky beast (5)]
  2850 | D:4      | Killed a sky beast
  2851 | D:4      | Reached XP level 6. HP: 8/56 MP: 5/5
  3539 | D:5      | Entered Level 5 of the Dungeon
  3539 | D:5      | Noticed Edmund
  3843 | D:5      | HP: 21/84 [orc/+0 trident (2)]
  3844 | D:5      | HP: 9/84 [centaur/arrow (5)]
  3848 | D:5      | HP: 1/84 [orc/+0 trident (6)]
  3850 | D:5      | Gained mutation: You tend to lose your temper in combat.
                  | [potion of mutation]
  3850 | D:5      | Gained mutation: You are dopey. (Int -2) [potion of
                  | mutation]
  3872 | D:5      | HP: 3/84 [centaur (3)]
  3875 | D:5      | Slain by an orc wizard

Vanquished Creatures
  A sky beast (D:4)
  A black bear (D:4)
  A centaur (D:5)
  A jelly (D:4)
  An orc priest (D:5)
  2 iguanas (D:4)
  6 adders
  An ufetubus (D:4)
  2 worms
  2 dart slugs
  9 orcs
  3 ball pythons
  3 endoplasms
  3 giant cockroaches
  8 goblins
  5 hobgoblins
  A quokka (D:4)
  3 bats (D:3)
  3 frilled lizards
  2 kobolds
  2 rats
60 creatures vanquished.

Table legend:
 A = Non-vault XP
 B = Vault XP
 C = Vault XP percentage of total XP
 D = Non-vault monster count
 E = Vault monster count
 F = Vault count percentage of total count
                 A         B        C        D         E       F
            +---------+---------+-------+---------+---------+-------
      Total |     651 |      63 |   8.8 |      52 |       8 |  13.3
            +---------+---------+-------+---------+---------+-------
        D:1 |      16 |       0 |   0.0 |       9 |       0 |   0.0
        D:2 |      20 |       2 |   9.1 |       9 |       1 |  10.0
        D:3 |      52 |       4 |   7.1 |      16 |       2 |  11.1
        D:4 |     398 |      57 |  12.5 |      13 |       5 |  27.8
        D:5 |     165 |       0 |   0.0 |       5 |       0 |   0.0
            +---------+---------+-------+---------+---------+-------

Illustrated notes

Table legend:
 A = Kills in this place as a percentage of kills in entire the game.
 B = Kills by you in this place as a percentage of kills by you in the entire game.
 C = Kills by friends in this place as a percentage of kills by friends in the entire game.
 D = Other kills in this place as a percentage of other kills in the entire game.
 E = Experience gained in this place as a percentage of experience gained in the entire game.
 F = Experience gained in this place divided by the number of levels of this place that you have seen.
                   A       B       C       D       E      F
               +-------+-------+-------+-------+-------+----------------------
         Total | 100.0 | 100.0 |   N/A |   N/A | 100.0 | 142.8
       Dungeon | 100.0 | 100.0 |   N/A |   N/A | 100.0 | 142.8
               +-------+-------+-------+-------+-------+----------------------

Table legend: (Time is in decaauts)
 A = Elapsed time spent in this place.
 B = Non-inter-level travel time spent in this place.
 C = Inter-level travel time spent in this place.
 D = Time resting spent in this place.
 E = Time spent auto-exploring this place.
 F = Levels seen in this place.
 G = Mean time per level.
                   A        B        C        D        E       F      G
               +--------+--------+--------+--------+--------+-----+--------+
         Total |   3936 |   3829 |    107 |    192 |   2841 |   5 |  787.2 |
       Dungeon |   3936 |   3829 |    107 |    192 |   2841 |   5 |  787.2 |
               +--------+--------+--------+--------+--------+-----+--------+

Top non-repeatable levels by time:
     D:4: 1698 daAuts
     D:2: 911 daAuts
     D:1: 658 daAuts
     D:3: 563 daAuts
     D:5: 104 daAuts
